[Event "Late-Titled-Tuesday-Blitz-September-26-2023"]
[Site "Chess.com"]
[Date "2023.09.26"]
[Round "1"]
[White "Bauman_Guy"]
[Black "KamlaPasand"]
[Result "1-0"]
[WhiteElo "2863"]
[BlackElo "2457"]
[TimeControl "180+1"]
[EndTime "14:02:02 PDT"]
[Termination "Bauman_Guy won by resignation"]

1. e4 e5 2. Nf3 Nc6 3. Bb5 a6 4. Ba4 Nf6 5. O-O b5 6. Bb3 Bc5 7. d3 d6 8. a4 b4 9. a5 O-O 10. Nbd2 Ne7 11. Nc4 Ng6 12. Be3 Bxe3 13. fxe3 Be6 14.
Qe1 h6 15. Qxb4 Rb8 16. Qe1 Qe7 17. Nh4 Nxh4 18. Qxh4 Nd5 19. Qxe7 Nxe7 20. Nd2 Bxb3 21. Nxb3 f5 22. exf5 Nxf5 23. Rf3 c5 24. Raf1 h5 25.
Rxf5 1-0

[Event "Late-Titled-Tuesday-Blitz-September-26-2023"]
[Site "Chess.com"]
[Date "2023.09.26"]
[Round "1"]
[White "MITerryble"]
[Black "slorovel"]
[Result "1-0"]
[WhiteElo "2930"]
[BlackElo "2468"]
[TimeControl "180+1"]
[EndTime "14:02:26 PDT"]
[Termination "MITerryble won by resignation"]

1. e4 c5 2. Nf3 d6 3. Bb5+ Nd7 4. d4 cxd4 5. Qxd4 a6 6. Bxd7+ Bxd7 7. Bg5 h6 8. Bh4 Nf6 9. Nc3 e6 10. O-O-O Be7 11.
e5 dxe5 12. Nxe5 Bc6 13. Nxc6 bxc6 14. Bxf6 Bxf6 15. Qc5 Qc7 16. Nd5 exd5 17. Rhe1+ Be7 18. Rxe7+ Qxe7 19. Qxc6+ Kf8 20. Qxa8+ Qe8 21. Qxe8+ Kxe8 22. Rxd5 Ke7 23. Ra5 Ra8 24. a3 Kd6 25. b4 Kc6 26. b5+ Kb6 27. Rxa6+ Rxa6 28. bxa6 Kxa6 29. c4 1-0

[Event "Late-Titled-Tuesday-Blitz-September-26-2023"]
[Site "Chess.com"]
[Date "2023.09.26"]
[Round "1"]
[White "Njal28"]
[Black "brm72"]
[Result "1-0"]
[WhiteElo "3090"]
[BlackElo "2501"]
[TimeControl "180+1"]
[EndTime "14:02:32 PDT"]
[Termination "Njal28 won by resignation"]

1. e4 c6 2. d4 d5 3. exd5 cxd5 4.
Nf3 Nc6 5. c3 Bg4 6. h3 Bh5 7.
Qb3 Qd7 8. Ne5 Nxe5 9. dxe5 a6 10. c4 dxc4 11. Bxc4 e6 12. O-O Bc5 13. Nc3 Ne7 14. Ne4 Rc8 15. Be3 Bxe3 16. Nd6+ Kf8 17. Nxc8 Bc5 18. Nxe7 Qxe7 19. Rac1 Bg6 20. Bd3 Bxd3 21. Qxd3 g6 22. Rxc5 Qxc5 23. Qd8+ Kg7 24. Qf6+ Kg8 25. Rd1 1-0

[Event "Late-Titled-Tuesday-Blitz-September-26-2023"]
[Site "Chess.com"]
[Date "2023.09.26"]
[Round "1"]
[White "Oleksandr_Bortnyk"]
[Black "angryspacevoid"]
[Result "1-0"]
[WhiteElo "3007"]
[BlackElo "2498"]
[TimeControl "180+1"]
[EndTime "14:02:53 PDT"]
[Termination "Oleksandr_Bortnyk won by resignation"]

1. d4 d5 2. Nc3 Nf6 3. Bf4 g6 4. e3 Bg7 5. h4 h5 6. Nf3 Bg4 7. Qd2 c6 8. Ne5 Nbd7 9. f3 Bf5 10. O-O-O Qa5 11. Kb1 a6 12. Nxd5 Qxd5 13. Bc4 Nxe5 14. Bxd5 Nxd5 15. Bxe5 Bxe5 16. dxe5 Be6 17. e4 Nc7 18.
Qa5 1-0

[Event "Late-Titled-Tuesday-Blitz-September-26-2023"]
[Site "Chess.com"]
[Date "2023.09.26"]
[Round "1"]
[White "PedroGil25"]
[Black "korason34"]
[Result "0-1"]
[WhiteElo "2336"]
[BlackElo "2648"]
[TimeControl "180+1"]
[EndTime "14:03:14 PDT"]
[Termination "korason34 won by resignation"]

1. e4 c5 2. Nf3 d6 3. d4 cxd4 4. Qxd4 a6 5. Bc4 Nc6 6. Qd3 e6 7. Bb3 Nf6 8. Nc3 Be7 9. Bf4 h6 10. O-O-O e5 11. Be3 O-O 12. Kb1 b5 13. h3 Bb7 14. g4 Nb4 15. Qe2 Nxe4 16. Nxe4 Bxe4 17.
Rhg1 Rc8 18. Rd2 a5 19. g5 a4 20. gxh6 axb3 21. Rxg7+ Kh8 22. Bg5 bxc2+ 0-1

[Event "Late-Titled-Tuesday-Blitz-September-26-2023"]
[Site "Chess.com"]
[Date "2023.09.26"]
[Round "1"]
[White "Haykoooo0o"]
[Black "Hrant_ChessMood"]
[Result "0-1"]
[WhiteElo "2465"]
[BlackElo "2910"]
[TimeControl "180+1"]
[EndTime "14:03:16 PDT"]
[Termination "Hrant_ChessMood won by resignation"]

1. d4 Nf6 2. Nf3 g6 3. Bf4 Bg7 4. h3 O-O 5. e3 c5 6. c3 cxd4 7. exd4 d6 8. Be2 Nc6 9. O-O Be6 10. Nbd2 Qb6 11. Ng5 Qxb2 12. Nxe6 fxe6 13. Nc4 Qxc3 14. Be3 Nd5 15. Rc1 Nxd4 16. Rxc3 Nxc3 17. Qd2 Ncxe2+ 18. Kh2 Rac8 19. Bxd4 Nxd4 20. Ne3 d5 21. Kg1 Rc6 22. Rc1 Rxc1+ 23. Qxc1 Ne2+ 0-1

[Event "Late-Titled-Tuesday-Blitz-September-26-2023"]
[Site "Chess.com"]
[Date "2023.09.26"]
[Round "1"]
[White "vova-79"]
[Black "giomar27"]
[Result "1-0"]
[WhiteElo "2602"]
[BlackElo "2281"]
[TimeControl "180+1"]
[EndTime "14:03:16 PDT"]
[Termination "vova-79 won by resignation"]

1. d4 Nf6 2. c4 c5 3. Nf3 cxd4 4. Nxd4 e5 5. Nb5 d5 6. cxd5 Bc5 7. N5c3 O-O 8. h3 Re8 9. g4 e4 10. Bg2 e3 11. Bxe3 Bxe3 12. fxe3 Rxe3 13. Qd4 Qe8 14.
Nd2 Nbd7 15. Nc4 Re7 16. O-O Nb6 17. d6 Rd7 18. Nxb6 axb6 19. Nb5 Ra5 20. a4 Qe6 21.
Qxb6 Ra6 22. Qc5 Rd8 23. Nc7 Qxd6 24. Nxa6 Qxa6 1-0

[Event "Late-Titled-Tuesday-Blitz-September-26-2023"]
[Site "Chess.com"]
[Date "2023.09.26"]
[Round "1"]
[White "Beca95"]
[Black "Fan_Of_Chucky"]
[Result "1-0"]
[WhiteElo "2934"]
[BlackElo "2473"]
[TimeControl "180+1"]
[EndTime "14:03:17 PDT"]
[Termination "Beca95 won by resignation"]

1. d4 Nf6 2. c4 c5 3. d5 b5 4.
cxb5 a6 5. b6 e6 6. Nc3 Nxd5 7.
Nxd5 exd5 8. Qxd5 Nc6 9. Bd2 Qxb6 10. Bc3 Nb4 11. Qxa8 Kd8 12. Qe4 Bb7 13. Qb1 d5 14. a3 d4 15. axb4 dxc3 16. bxc3 cxb4 17. e3 g6 18.
Qd3+ Ke8 19. Qd4 1-0

[Event "Late-Titled-Tuesday-Blitz-September-26-2023"]
[Site "Chess.com"]
[Date "2023.09.26"]
[Round "1"]
[White "ritanovikova"]
[Black "2k28Lakers"]
[Result "0-1"]
[WhiteElo "2163"]
[BlackElo "2559"]
[TimeControl "180+1"]
[EndTime "14:03:30 PDT"]
[Termination "2k28Lakers won by resignation"]

1. d4 a6 2. Bf4 d6 3. e4 g6 4. Nf3 Bg7 5. Qd2 b5 6. c4 bxc4 7. Bxc4 Bb7 8. Nc3 e6 9. O-O Nd7 10. Bg5 Ne7 11. Bh6 O-O 12. Bxg7 Kxg7 13. d5 e5 14. Ng5 h6 15. Nh3 g5 16. f3 f5 17. Ne2 f4 18. Nf2 Nf6 19. Kh1 Bc8 20. g3 Kh7 21. g4 Ng6 22. h3 Nh4 23. Nd3 h5 24. Kg1 hxg4 25. hxg4 Rh8 26. Kf2 Bxg4 27.
fxg4 Nxe4+ 28. Ke1 Nxd2 0-1

[Event "Late-Titled-Tuesday-Blitz-September-26-2023"]
[Site "Chess.com"]
[Date "2023.09.26"]
[Round "1"]
[White "PNEPaul"]
[Black "The_Straightforward_Rook"]
[Result "0-1"]
[WhiteElo "1935"]
[BlackElo "2513"]
[TimeControl "180+1"]
[EndTime "14:03:33 PDT"]
[Termination "The_Straightforward_Rook won by resignation"]

1. e4 e5 2. Nf3 Nc6 3. Bc4 Bc5 4. b4 Bxb4 5. c3 Be7 6. Qb3 Nh6 7. d4 Na5 8. Qa4 Nxc4 9. Qxc4 exd4 10. Bxh6 gxh6 11. cxd4 d6 12. Nbd2 Be6 13. Qb5+ Qd7 14. Qxb7 O-O 15. O-O Kh8 16. Qb2 Rab8 17. Qc3 Bf6 18. e5 Bg7 19. Ne4 Bd5 20. Nf6 Bxf6 21. exf6 Rg8 22.
Kh1 Rxg2 23. Rg1 Qg4 24. Rxg2 Bxf3 25. Rg1 Bxg2+ 26. Rxg2 Rb1+ 0-1

[Event "Late-Titled-Tuesday-Blitz-September-26-2023"]
[Site "Chess.com"]
[Date "2023.09.26"]
[Round "1"]
[White "Mikhail_Bryakin"]
[Black "UK_23"]
[Result "1-0"]
[WhiteElo "2843"]
[BlackElo "2446"]
[TimeControl "180+1"]
[EndTime "14:03:37 PDT"]
[Termination "Mikhail_Bryakin won by resignation"]

1. e4 e5 2. Nf3 Nc6 3. d4 exd4 4.
Nxd4 Nf6 5. Nxc6 bxc6 6. e5 Qe7 7. Qe2 Nd5 8. c4 Nb6 9. Nc3 Qe6 10. b3 Bb4 11. Bd2 O-O 12. f4 f6 13. a3 Bxc3 14. Bxc3 fxe5 15. fxe5 d5 16. exd6 Qxe2+ 17. Bxe2 cxd6 18.
Bf3 d5 19. O-O-O Bb7 20. cxd5 Nxd5 21. Bd4 a5 22. Rhe1 Rae8 23. Rxe8 Rxe8 24. Kd2 Kf7 25. Rc1 Ra8 26. Bxd5+ 1-0

[Event "Late-Titled-Tuesday-Blitz-September-26-2023"]
[Site "Chess.com"]
[Date "2023.09.26"]
[Round "1"]
[White "Andrei_Skvortsov"]
[Black "Defenstrator"]
[Result "1-0"]
[WhiteElo "2674"]
[BlackElo "2375"]
[TimeControl "180+1"]
[EndTime "14:03:39 PDT"]
[Termination "Andrei_Skvortsov won by resignation"]

1. e4 e5 2. d4 exd4 3. Qxd4 Nc6 4. Qd3 Nf6 5. Nc3 Be7 6. Bf4 O-O 7. O-O-O d6 8. h4 Ng4 9. Qg3 Be6 10. Be2 Nge5 11.
h5 h6 12. Bxh6 Bf6 13. f4 Nc4 14. Bxg7 Bxg7 15. h6 Qf6 16. Qxg7+ Qxg7 17. hxg7 Kxg7 18. f5 Ne3 19. Rd3 Nxf5 20. exf5 Bxf5 21. Rg3+ Bg6 22. Nf3 Rfe8 23. Kd2 d5 24. Bd3 Rad8 25. Nh4 Rd6 26. Nf5+ 1-0

[Event "Late-Titled-Tuesday-Blitz-September-26-2023"]
[Site "Chess.com"]
[Date "2023.09.26"]
[Round "1"]
[White "gshwbedhkhd"]
[Black "RebecaJimnz"]
[Result "1-0"]
[WhiteElo "2561"]
[BlackElo "2167"]
[TimeControl "180+1"]
[EndTime "14:03:53 PDT"]
[Termination "gshwbedhkhd won by resignation"]

1. e4 c5 2. b4 cxb4 3. a3 d5 4. e5 Nc6 5. d4 e6 6. axb4 Bxb4+ 7. c3 Be7 8. Bd3 Bg5 9. f4 Bh6 10. Nf3 Nge7 11. g4 g6 12. h4 Bd7 13. h5 Qb6 14.
Na3 O-O-O 15. Nb5 Kb8 16. Ba3 Nc8 17. Bc5 Bxf4 18. Bxb6 Nxb6 19. Qb3 1-0

[Event "Late-Titled-Tuesday-Blitz-September-26-2023"]
[Site "Chess.com"]
[Date "2023.09.26"]
[Round "1"]
[White "ExchangeAB"]
[Black "DuleMudule"]
[Result "0-1"]
[WhiteElo "2433"]
[BlackElo "2799"]
[TimeControl "180+1"]
[EndTime "14:03:58 PDT"]
[Termination "DuleMudule won by resignation"]

1. Nf3 d5 2. b3 c5 3. Bb2 Nc6 4.
e3 a6 5. Ne5 Nxe5 6. Bxe5 Nf6 7. g3 d4 8. Bxf6 Qd5 9. f3 exf6 10.
e4 Qe5 11. d3 h5 12. f4 Qc7 13.
Bg2 h4 14. Nd2 Be6 15. a4 f5 16. e5 g5 17. Qf3 O-O-O 18. Nc4 h3 19. Nd6+ Bxd6 20.
exd6 Rxd6 0-1

[Event "Late-Titled-Tuesday-Blitz-September-26-2023"]
[Site "Chess.com"]
[Date "2023.09.26"]
[Round "1"]
[White "kleinebeer98"]
[Black "Manukyan_Artak"]
[Result "1-0"]
[WhiteElo "2793"]
[BlackElo "2432"]
[TimeControl "180+1"]
[EndTime "14:04:04 PDT"]
[Termination "kleinebeer98 won by resignation"]

1. e4 c6 2. d4 d5 3. f3 e6 4.
Nc3 Nf6 5. e5 Nfd7 6. f4 c5 7.
Nf3 Nc6 8. Be3 Qb6 9. Qd2 c4 10. b3 Bb4 11. a3 Qa5 12. axb4 Qxa1+ 13. Kf2 O-O 14. bxc4 dxc4 15. b5 Nb4 16. d5 Nxd5 17.
Nxd5 exd5 18. Bd4 Qa3 19. f5 Nc5 20. Qf4 Ne4+ 21. Kg1 f6 22. e6 Re8 23. h4 Qd6 24.
Qe3 Ng3 25. Rh3 Nxf1 26. Kxf1 Kh8 27. h5 a5 28. h6 Qe7 29. hxg7+ Qxg7 30. Rh6 Rf8 31.
e7 Bxf5 32. exf8=B Rxf8 33. Rxf6 Kg8 34. Rxf5 1-0

[Event "Late-Titled-Tuesday-Blitz-September-26-2023"]
[Site "Chess.com"]
[Date "2023.09.26"]
[Round "1"]
[White "ChristopherYoo"]
[Black "Giorno"]
[Result "1-0"]
[WhiteElo "3005"]
[BlackElo "2496"]
[TimeControl "180+1"]
[EndTime "14:04:07 PDT"]
[Termination "ChristopherYoo won by checkmate"]

1. d4 d5 2. Nf3 Nf6 3. c3 g6 4. Bf4 Bg7 5. Nbd2 O-O 6. e3 b6 7.
Bd3 Bb7 8. O-O Nbd7 9. Qe2 Nh5 10. Bg5 h6 11. Bh4 Nhf6 12. Rad1 Re8 13. Ne5 Nf8 14.
f4 Ne4 15. Nxe4 dxe4 16. Bc4 Bxe5 17. dxe5 Qc8 18. f5 gxf5 19. Qh5 e6 20. Qxh6 Nh7 21.
Bf6 Nxf6 22. exf6 Bd5 23. Qg7# 1-0

[Event "Late-Titled-Tuesday-Blitz-September-26-2023"]
[Site "Chess.com"]
[Date "2023.09.26"]
[Round "1"]
[White "Nor1lsk"]
[Black "Balla_Tamas"]
[Result "1-0"]
[WhiteElo "2762"]
[BlackElo "2416"]
[TimeControl "180+1"]
[EndTime "14:04:07 PDT"]
[Termination "Nor1lsk won by resignation"]

1. e4 c5 2. d3 g6 3. g3 Bg7 4. Bg2 Nc6 5. f4 d6 6. Nf3 e6 7.
O-O Nge7 8. c3 d5 9. Na3 O-O 10. e5 d4 11. c4 b6 12. Ng5 Bb7 13. Ne4 Kh8 14. Nc2 a5 15. g4 Nb4 16. Nf6 Bxg2 17. Kxg2 Nxc2 18. Qxc2 Nc6 19. g5 h6 20. Rf3 Ne7 21. Rh3 Nf5 22. Qe2 Bxf6 23. exf6 e5 24. fxe5 Re8 25. Bf4 Qd7 26. Qf2 Re6 27. Rxh6+ Nxh6 28.
Qh4 Qc6+ 29. Kg1 1-0

[Event "Late-Titled-Tuesday-Blitz-September-26-2023"]
[Site "Chess.com"]
[Date "2023.09.26"]
[Round "1"]
[White "ValeriyGrinev"]
[Black "PassedPawnMustPushed"]
[Result "1-0"]
[WhiteElo "2548"]
[BlackElo "2122"]
[TimeControl "180+1"]
[EndTime "14:04:30 PDT"]
[Termination "ValeriyGrinev won by resignation"]

1. d4 Nf6 2. c4 d6 3. Nc3 g6 4.
Nf3 Bg7 5. e4 O-O 6. Be2 e5 7. O-O Nc6 8. d5 Ne7 9. b4 Ne8 10. c5 f5 11. Nd2 c6 12. Nc4 fxe4 13.
cxd6 Nxd6 14. dxc6 Nf7 15. Qxd8 Nxd8 16. c7 Ne6 17.
Nb5 Bd7 18. a4 Bxb5 19. axb5 Nxc7 20. b6 axb6 21. Rxa8 Rxa8 22. Nxb6 Ra1 23. Bg5 Rxf1+ 24. Kxf1 Ned5 25. Nxd5 1-0

[Event "Late-Titled-Tuesday-Blitz-September-26-2023"]
[Site "Chess.com"]
[Date "2023.09.26"]
[Round "1"]
[White "orestn"]
[Black "Mops_2004"]
[Result "0-1"]
[WhiteElo "2426"]
[BlackElo "2785"]
[TimeControl "180+1"]
[EndTime "14:04:31 PDT"]
[Termination "Mops_2004 won by resignation"]

1. e4 g6 2. d4 Bg7 3. Nc3 d6 4.
Nf3 a6 5. Be2 Nf6 6. O-O O-O 7.
a4 Nc6 8. d5 Nb4 9. a5 e6 10.
dxe6 Bxe6 11. Nd4 Bd7 12. Be3 Re8 13. Bf3 c5 14. Nde2 Bg4 15. Bxg4 Nxg4 16. Bf4 Ne5 17. Bg3 Nc4 18. b3 Nxa5 19. Qxd6 Nac6 20. Qxc5 Nxc2 21.
Rad1 Qa5 22. Qxa5 Nxa5 23. Rb1 Rac8 24. e5 Bxe5 25. Bxe5 Rxe5 26. Rfd1 Nb4 27. Rd7 Rec5 28. Rd3 Kg7 29. g3 R8c7 30. h4 Nac6 31. Ne4 Nxd3 0-1

[Event "Late-Titled-Tuesday-Blitz-September-26-2023"]
[Site "Chess.com"]
[Date "2023.09.26"]
[Round "1"]
[White "Verony64"]
[Black "IgorBjelobrk"]
[Result "0-1"]
[WhiteElo "2295"]
[BlackElo "2607"]
[TimeControl "180+1"]
[EndTime "14:04:40 PDT"]
[Termination "IgorBjelobrk won by resignation"]

1. e4 e6 2. Nc3 d5 3. d3 Nf6 4. e5 Nfd7 5. f4 c5 6. Nf3 Nc6 7. g3 Be7 8. Bg2 O-O 9. O-O f6 10.
exf6 Bxf6 11. Qe2 Re8 12. h3 Nd4 13. Nxd4 cxd4 14. Nd1 Nf8 15. Nf2 g6 16. Ng4 Bg7 17. Bd2 Bd7 18. Rae1 Rc8 19. Bc1 Qc7 20. Rf2 Kh8 21.
Ne5 Re7 22. Ref1 Be8 23. h4 Nd7 24. Re1 Nxe5 25. fxe5 Qc5 26. Bh3 Rc6 27. Ref1 Rec7 28. Qg4 h5 29. Qg5 Qe7 30. Qxe7 Rxe7 31. Re2 Rec7 32.
Rff2 Kg8 33. Bg5 Bf7 34. Bf6 Bh6 35. g4 Be3 36. Kg2 Bxf2 37. Rxf2 Rxc2 38. gxh5 Rxf2+ 39.
Kxf2 Rc2+ 40. Kf3 gxh5 0-1

[Event "Late-Titled-Tuesday-Blitz-September-26-2023"]
[Site "Chess.com"]
[Date "2023.09.26"]
[Round "1"]
[White "Chessbard1972"]
[Black "dedpihto_v_kozhanom_palto"]
[Result "0-1"]
[WhiteElo "2385"]
[BlackElo "2686"]
[TimeControl "180+1"]
[EndTime "14:04:41 PDT"]
[Termination "dedpihto_v_kozhanom_palto won by checkmate"]

1. e4 g6 2. d4 Bg7 3. Nc3 d6 4. h3 Nc6 5. Nge2 e5 6. Be3 f5 7. dxe5 Nxe5 8. Nd4 Ne7 9. f4 N5c6 10. exf5 Nxf5 11.
Nxf5 Bxf5 12. g3 O-O 13. Bg2 Re8 14. Kf2 Rxe3 15. Kxe3 Qe7+ 16. Kd2 Nd4 17. Re1 Qd7 18. Bxb7 Rb8 19. Bd5+ Kh8 20. g4 Bxc2 21. Qc1 c6 22. Bg2 Qf7 23. Rf1 Re8 24. Qxc2 Nxc2 25. Kxc2 Bxc3 26. Kxc3 Qf6+ 27. Kb3 Re3+ 28. Ka4 Qd4+ 29. Ka5 Qb6+ 30. Ka4 Qb5# 0-1

[Event "Late-Titled-Tuesday-Blitz-September-26-2023"]
[Site "Chess.com"]
[Date "2023.09.26"]
[Round "1"]
[White "vladislavkovalev"]
[Black "jup1978"]
[Result "1-0"]
[WhiteElo "2875"]
[BlackElo "2459"]
[TimeControl "180+1"]
[EndTime "14:04:50 PDT"]
[Termination "vladislavkovalev won by resignation"]

1. e4 c6 2. Nf3 d5 3. d3 dxe4 4.
dxe4 Qxd1+ 5. Kxd1 g6 6. c3 Bg4 7. Be2 Bxf3 8. Bxf3 Bh6 9. Nd2 Nd7 10. Kc2 O-O-O 11.
Be2 Ngf6 12. f3 Kc7 13. Rd1 Rhe8 14. b3 e5 15. Ba3 Bf8 16. Bb2 Nc5 17. Nc4 Rxd1 18.
Rxd1 b5 19. Ne3 Rd8 20. Rxd8 Kxd8 21. c4 bxc4 22. Bxc4 Bh6 23. Bxe5 Nfxe4 24. Ng4 f6 25. Bd4 Bf4 26. fxe4 Nxe4 27. Nxf6 1-0

[Event "Late-Titled-Tuesday-Blitz-September-26-2023"]
[Site "Chess.com"]
[Date "2023.09.26"]
[Round "1"]
[White "MagnusCarlsen"]
[Black "simplerXiao"]
[Result "1-0"]
[WhiteElo "3280"]
[BlackElo "2506"]
[TimeControl "180+1"]
[EndTime "14:04:52 PDT"]
[Termination "MagnusCarlsen won by resignation"]

1. e4 c5 2. Qh5 Nf6 3. Qxc5 Nxe4 4. Qe3 Nf6 5. d4 e6 6. Nf3 d5 7. Bd3 Be7 8. O-O O-O 9. Ne5 Nc6 10. c3 Nd7 11. f4 Bf6 12. Nd2 g6 13. Ndf3 Bg7 14. g4 Ndxe5 15. fxe5 Bd7 16. g5 Ne7 17. h4 Nf5 18.
Qf2 b5 19. h5 b4 20. h6 Bh8 21. cxb4 Qb6 22. Bd2 Bb5 23. Bxb5 Qxb5 24. a4 Qb6 25. Rfc1 Rac8 26. b5 Rc4 27. Rxc4 dxc4 28. Rc1 a6 29.
Rxc4 axb5 30. Rb4 Qa7 31. axb5 Qa1+ 32. Qe1 Qa2 33. Qe4 Qa1+ 34. Kf2 Qh1 35. b6 Qh3 36. Qf4 Qh1 37. b7 Rb8 38. Rc4 Ne7 39. Rc7 Kf8 40.
Bb4 1-0

[Event "Late-Titled-Tuesday-Blitz-September-26-2023"]
[Site "Chess.com"]
[Date "2023.09.26"]
[Round "1"]
[White "Zhigalko_Sergei"]
[Black "Battever"]
[Result "1-0"]
[WhiteElo "2877"]
[BlackElo "2459"]
[TimeControl "180+1"]
[EndTime "14:04:54 PDT"]
[Termination "Zhigalko_Sergei won by resignation"]

1. e4 e5 2. Nf3 Nc6 3. Bc4 Bc5 4.
b4 Bxb4 5. c3 Bd6 6. d4 Nf6 7.
O-O O-O 8. Nbd2 Re8 9. Ng5 Rf8 10. f4 exd4 11. e5 dxc3 12. exf6 Qxf6 13. Nde4 Qf5 14. Nxd6 Qc5+ 15. Kh1 cxd6 16. Qd3 g6 17. Be3 Qf5 18. Qxc3 h6 19. Bd3 Qd5 20. Ne4 b5 21.
Nf6+ 1-0

[Event "Late-Titled-Tuesday-Blitz-September-26-2023"]
[Site "Chess.com"]
[Date "2023.09.26"]
[Round "1"]
[White "acertijo08"]
[Black "MMSANCHEZ"]
[Result "0-1"]
[WhiteElo "2361"]
[BlackElo "2664"]
[TimeControl "180+1"]
[EndTime "14:04:54 PDT"]
[Termination "MMSANCHEZ won by resignation"]

1. e4 e6 2. d4 d5 3. Nc3 h6 4. Nf3 Bb4 5. e5 c5 6. a3 Bxc3+ 7. bxc3 Qc7 8. Bd3 b6 9. O-O Ba6 10. a4 Bxd3 11. cxd3 Ne7 12. a5 Qc6 13. axb6 axb6 14. Ba3 O-O 15. dxc5 bxc5 16. d4 Nd7 17. h3 Ra4 18. Bb2 Rxa1 19. Qxa1 Ra8 20. Qb1 Nb6 21. dxc5 Nc4 22. Bc1 Qxc5 23. Bf4 Nc6 24. Qb7 Rb8 25. Qc7 Qb6 26. Qxb6 Rxb6 27. Ra1 g5 28. Bg3 Rb3 29. Ra6 Ne7 30. Ra7 Nf5 31. h4 Nxg3 32. fxg3 g4 33. Nd4 Rxc3 34. Nc6 Rxg3 35. h5 Re3 36. Kf2 g3+ 0-1

[Event "Late-Titled-Tuesday-Blitz-September-26-2023"]
[Site "Chess.com"]
[Date "2023.09.26"]
[Round "1"]
[White "Dacean99"]
[Black "Chempiblinka"]
[Result "1-0"]
[WhiteElo "2562"]
[BlackElo "2197"]
[TimeControl "180+1"]
[EndTime "14:04:54 PDT"]
[Termination "Dacean99 won by resignation"]

1. d4 Nf6 2. Nf3 g6 3. Nc3 d5 4.
Bg5 Bg7 5. Bxf6 Bxf6 6. e4 dxe4 7.
Nxe4 Bg7 8. c3 O-O 9. Bd3 Nc6 10. O-O e5 11. dxe5 Nxe5 12. Nxe5 Bxe5 13. Bc4 Qh4 14.
f4 Bxf4 15. Rxf4 Qxf4 16. Qd4 Qf5 17. Rf1 c5 18. Nf6+ Kg7 19. Ne8+ Kh6 20. Qg7+ 1-0

[Event "Late-Titled-Tuesday-Blitz-September-26-2023"]
[Site "Chess.com"]
[Date "2023.09.26"]
[Round "1"]
[White "mishanick"]
[Black "JM2005GM"]
[Result "1-0"]
[WhiteElo "3090"]
[BlackElo "2500"]
[TimeControl "180+1"]
[EndTime "14:05:04 PDT"]
[Termination "mishanick won by resignation"]

1. d4 Nf6 2. c4 b6 3. f3 Nc6 4. e4 e5 5. d5 Ne7 6. Nc3 Ng6 7. Be3 Bc5 8. Qd2 d6 9. Bd3 Bxe3 10. Qxe3 Nd7 11. g3 a5 12. h4 h5 13. Bc2 Nc5 14. Nge2 Bd7 15. b3 Rb8 16. a3 O-O 17. b4 Nb7 18. f4 exf4 19. gxf4 Qf6 20. Kd2 axb4 21.
axb4 Ra8 22. Rag1 Ra3 23. Rg5 Rfa8 24. e5 dxe5 25. fxe5 Qe7 26. e6 Be8 27. exf7+ Bxf7 28. Bxg6 Ra2+ 29. Kd3 Bxg6+ 30. Rxg6 Rxe2 31. Qxe2 1-0

[Event "Late-Titled-Tuesday-Blitz-September-26-2023"]
[Site "Chess.com"]
[Date "2023.09.26"]
[Round "1"]
[White "JoakimVonAnd"]
[Black "KorolDimitriy75"]
[Result "1-0"]
[WhiteElo "2714"]
[BlackElo "2403"]
[TimeControl "180+1"]
[EndTime "14:05:07 PDT"]
[Termination "JoakimVonAnd won on time"]

1. c4 c5 2. Nf3 g6 3. Nc3 Bg7 4.
e3 Nf6 5. d4 cxd4 6. exd4 d5 7.
c5 Ne4 8. Bb5+ Bd7 9. Bxd7+ Qxd7 10.
O-O Nc6 11. Re1 f5 12. Bf4 O-O 13. Qc2 Nxd4 14. Nxd4 Bxd4 15. Red1 e5 16. Be3 Bxe3 17. fxe3 Nxc3 18. Qxc3 Rfe8 19. Rd2 Qc6 20. Rad1 Rad8 21.
b4 Re7 22. Qb3 Red7 23. h3 Kg7 24. Qc3 Qf6 25. b5 d4 26. exd4 exd4 27. Qc4 Rd5 28. c6 bxc6 29. bxc6 Qd6 30. c7 Rc8 31. Rxd4 Rxd4 32.
Rxd4 Qxc7 33. Qd3 1-0

[Event "Late-Titled-Tuesday-Blitz-September-26-2023"]
[Site "Chess.com"]
[Date "2023.09.26"]
[Round "1"]
[White "esrosenberg"]
[Black "Rutricks"]
[Result "0-1"]
[WhiteElo "2373"]
[BlackElo "2671"]
[TimeControl "180+1"]
[EndTime "14:05:08 PDT"]
[Termination "Rutricks won by resignation"]

1. Nf3 g6 2. c4 Bg7 3. Nc3 d6 4. d4 Nd7 5. e4 e5 6. h3 Ngf6 7. Be2 O-O 8. O-O exd4 9. Nxd4 Re8 10. Bf3 Ne5 11. Be2 Ned7 12. Bf3 Ne5 13. Be2 Bd7 14. f4 Nc6 15. Nxc6 Bxc6 16. Bf3 Nxe4 17. Nxe4 Bxe4 18.
Bxe4 Rxe4 19. Qd5 Rd4 20. Qxb7 Rxc4 21. f5 Rb8 22. Qd5 Rc5 23. Qd3 Qf6 24. Be3 Rxf5 25. Rxf5 Qxf5 26. Qxf5 gxf5 27. Rc1 c5 28. b3 a5 29. Rd1 Be5 30. Rd5 f6 31. Bd2 Kf7 32. Bxa5 Bd4+ 33. Rxd4 cxd4 34. Bc7 d3 35. Kf2 Re8 0-1

[Event "Late-Titled-Tuesday-Blitz-September-26-2023"]
[Site "Chess.com"]
[Date "2023.09.26"]
[Round "1"]
[White "gabduschew"]
[Black "tdf98pantani"]
[Result "0-1"]
[WhiteElo "2388"]
[BlackElo "2691"]
[TimeControl "180+1"]
[EndTime "14:05:12 PDT"]
[Termination "tdf98pantani won by resignation"]

1. g3 d5 2. Bg2 c6 3. d3 Bg4 4.
c3 e6 5. h3 Bh5 6. g4 Bg6 7. Nd2 Bd6 8. Qb3 Qc7 9. Ngf3 h5 10. g5 h4 11. Nf1 Ne7 12. Ne3 Nd7 13. Bd2 a5 14. Ng4 a4 15. Qc2 Nf5 16. e4 Ne7 17. O-O dxe4 18. dxe4 Nc5 19. Nd4 Bf4 20. Rae1 Rd8 21. Bc1 O-O 22. b4 axb3 23. axb3 Bxc1 24. Qxc1 Nd3 25. Qe3 Nxe1 26. Rxe1 c5 27. Nf3 c4 28. bxc4 Qxc4 29. Nge5 Qc7 30. Qf4 Qxc3 31. Nxh4 Qxe1+ 32. Kh2 Qd2 33. Qg4 Qxf2 0-1

[Event "Late-Titled-Tuesday-Blitz-September-26-2023"]
[Site "Chess.com"]
[Date "2023.09.26"]
[Round "1"]
[White "GreatOwl02"]
[Black "MikaelyanArman"]
[Result "0-1"]
[WhiteElo "2443"]
[BlackElo "2842"]
[TimeControl "180+1"]
[EndTime "14:05:17 PDT"]
[Termination "MikaelyanArman won on time"]

1. d4 d5 2. c4 c6 3. Nf3 Nf6 4.
Nc3 dxc4 5. a4 Bf5 6. Nh4 e6 7. Nxf5 exf5 8. e3 Bb4 9. Bxc4 O-O 10. O-O Nbd7 11. h3 Nb6 12. Bd3 g6 13. g4 fxg4 14. hxg4 c5 15. dxc5 Bxc5 16. g5 Nfd5 17. Ne4 Be7 18.
f4 Rc8 19. Qe2 Nb4 20. Bb1 Qd5 21. Bd2 Nc2 22. Bxc2 Rxc2 23. Qg2 Rd8 24. Rfd1 Nc4 0-1